 Dungeon Crawl Stone Soup version 0.28-a0-1344-g6b9ff3a05d (webtiles) character file.

Game seed: 5119689310733444960

446 Delamore the Cudgeller (level 7, -6/41 HPs)
             Began as a Gargoyle Fighter on Dec 29, 2021.
             Mangled by a killer bee (7 damage)
             ... on level 3 of the Dungeon.
             The game lasted 00:03:10 (3446 turns).

Delamore the Cudgeller (Gargoyle Fighter)           Turns: 3446, Time: 00:03:11

Health: -6/41      AC: 15    Str: 21    XL:     7   Next: 3%
Magic:  7/7        EV: 11    Int:  9    God:
Gold:   148        SH:  4    Dex:  9    Spells: 6/6 levels left

rFire   . . .      SeeInvis .   m - +2 mace (protect)
rCold   . . .      Faith    .   c - +0 buckler
rNeg    + . .      Spirit   .   s - +0 chain mail
rPois   ∞          Reflect  .   (no helmet)
rElec   +          Harm     .   (no cloak)
rCorr   .          Rampage  .   e - +0 pair of gloves
Will    +....                   (no boots)
Stlth   ..........              (no amulet)
HPRegen 0.13/turn               o - ring of willpower
MPRegen 0.10/turn               g - +4 ring of evasion

@: brilliant, about to teleport, flying
A: sickness immunity, AC +4, negative energy resistance 1, electricity
resistance, torment resistance 1, petrification resistance
a: no special abilities


You were on level 3 of the Dungeon.
You visited 1 branch of the dungeon, and saw 4 of its levels.

You collected 148 gold pieces.

Inventory:

Hand Weapons
 a - a +0 flail
 f - a +0 whip of draining
 m - a +2 mace of protection (weapon)
Missiles
 n - 2 atropa-tipped darts (quivered)
Armour
 c - a +0 buckler (worn)
 e - a +0 pair of gloves (worn)
 s - a +0 chain mail (worn)
Jewellery
 g - a +4 ring of evasion (right hand)
 h - a ring of positive energy
 o - a ring of willpower (left hand)
Scrolls
 b - a scroll of vulnerability {unknown}
 i - a scroll of immolation {unknown}
 k - a scroll of enchant armour
Potions
 d - a potion of might
 j - a potion of magic


   Skills:
 - Level 3.2 Fighting
 + Level 6.4 Maces & Flails
 - Level 3.2 Armour
 - Level 5.0 Shields


You had 6 spell levels left.
You didn't know any spells.
Your spell library contained the following spells:

 Spells                   Type           Power      Damage    Failure   Level
 Wereblood                Tmut           0%         N/A       99%         2
 Summon Hydra             Summ           0%         N/A       100%        7
 Sublimation of Blood     Necr           Unusable   N/A       N/A         2

Dungeon Overview and Level Annotations

Branches:
Dungeon (4/15)
 Temple: D:4-7

Altars:

Shops:
D:2 (


Innate Abilities, Weirdness & Mutations

You are immune to sickness and miasma.
Your stone body is resilient. (AC +4)
You are immune to poison.
You resist negative energy. (rN+)
You are resistant to electric shocks. (rElec)
You are resistant to unholy torment.
You are immune to petrification.


Message History

You thump the killer bee!
You kill the killer bee!
The killer bee stings you.
The killer bee stings you but does no damage.
The killer bee barely misses you. The killer bee completely misses you.
You have reached level 7!
The killer bee stings you!
The killer bee stings you but does no damage.
The killer bee stings you but does no damage.
A jackal comes into view.
The killer bee stings you but does no damage.
The killer bee completely misses you. You block the killer bee's attack.
There is a stone staircase leading up here.
The killer bee stings you but does no damage.
The killer bee closely misses you.
The killer bee stings you but does no damage. x2
You climb upwards.
There is a stone staircase leading down here.
You closely miss the killer bee. The killer bee stings you.
* * * LOW HITPOINT WARNING * * *
You block the killer bee's attack. The killer bee stings you.
* * * LOW HITPOINT WARNING * * *
The killer bee stings you but does no damage.
Okay, then.
As you read the scroll of teleportation, it crumbles to dust.
You feel strangely unstable. The killer bee closely misses you.
The killer bee barely misses you. You block the killer bee's attack.
The killer bee stings you.
* * * LOW HITPOINT WARNING * * *
It was a potion of flight.
You feel very buoyant.
You fly up into the air.
The killer bee barely misses you. x2
You block the killer bee's attack.
The killer bee stings you but does no damage.
It was a potion of brilliance.
You feel clever all of a sudden. The killer bee barely misses you.
The killer bee stings you.
* * * LOW HITPOINT WARNING * * *
The killer bee stings you!
You die...

##### ....## .....## ......#
####### ......#
##.....############# ......#
##........##.........
...†..#######.........##.........
.........##....yy.....##.........
................@.....##.......(.
[.....................##.........
..>...#####.........).....<......
......# #........................
......###.###....................
............#.........#..###.##..
............#.........##.###.##..
......................#..........
.....................#...........


You could see 2 killer bees.

Vanquished Creatures
  A water moccasin (D:4)
  A killer bee (D:4)
  3 hounds
  An iguana (D:4)
  An orc wizard (D:3)
  Terence (D:3)
  4 adders
  A white imp (D:4)
  An adder skeleton (D:4)
  A dart slug (D:4)
  3 worms
  7 orcs
  3 ball pythons
  4 bats
  4 endoplasms (D:1)
  6 hobgoblins
  4 jackals (D:4)
  2 quokkas
  5 frilled lizards
  7 goblins
  5 kobolds
  20 rats
85 creatures vanquished.

Vanquished Creatures (others)
  15 plants
  3 withered plants (D:3)
18 creatures vanquished.

Grand Total: 103 creatures vanquished

Notes
Turn   | Place    | Note
-------+----------+-------------------------------------------
     0 | D:1      | Delamore the Gargoyle Fighter began the quest for the Orb.
     0 | D:1      | Reached XP level 1. HP: 14/14 MP: 1/1
   329 | D:1      | Reached XP level 2. HP: 19/19 MP: 2/2
   998 | D:2      | Reached XP level 3. HP: 20/23 MP: 3/3
  1214 | D:2      | Found Yxuil's Weapon Boutique.
  1297 | D:2      | Reached skill level 3 in Maces & Flails
  1767 | D:3      | Reached XP level 4. HP: 17/28 MP: 4/4
  1951 | D:3      | Reached skill level 4 in Maces & Flails
  2277 | D:3      | Reached XP level 5. HP: 24/32 MP: 5/5
  2444 | D:3      | Found a faded altar of an unknown god.
  2529 | D:3      | Noticed Terence
  2539 | D:3      | Killed Terence
  2936 | D:4      | Reached skill level 5 in Maces & Flails
  2965 | D:4      | Reached XP level 6. HP: 23/37 MP: 6/6
  3145 | D:4      | Reached skill level 5 in Shields
  3184 | D:4      | Noticed a water moccasin
  3198 | D:4      | Killed a water moccasin
  3199 | D:4      | Reached skill level 6 in Maces & Flails
  3438 | D:4      | Reached XP level 7. HP: 22/41 MP: 7/7
  3446 | D:3      | HP: 1/41 [killer bee (3)]
  3446 | D:3      | Mangled by a killer bee

Illustrated notes

Levels and vault maps discovered:
D:1:      ncdulo_smallfort, layout_loops_ring
D:2:      layout_rooms, serial_glass, glass_columns_a, glass_columns_a,
          serial_shops, shop, minmay_rat_hole
D:3:      layout_rooms, shapermc_ecumenical_altar_flowoftime, uniq_terence
D:4:      layout_layer_cave, serial_forest, infiniplex_forest_clump_tiny,
          infiniplex_forest_clump_curved, infiniplex_forest_clump_small,
          infiniplex_forest_lined_3, infiniplex_forest_lined_4_way,
          infiniplex_forest_end_double, infiniplex_forest_lined_3_way,
          infiniplex_forest_end_2, minmay_crossroads

Skill      XL: |  1  2  3  4  5  6 |
---------------+-------------------+-----
Shields        | 4 5 |  5.0
Maces & Flails | 3 4 5 6 |  6.4
Fighting       | |  3.2
Armour         | |  3.2

Action                   |  1- 3 |  4- 6 |  7- 9 || total
-------------------------+-------+-------+-------++-------
Melee: Flail             |    59 |       |       ||    59
       Mace              |    86 |   136 |     1 ||   223
       Whip              |     3 |       |       ||     3
  Use: Scroll            |     3 |     1 |     1 ||     5
       Potion            |       |       |     2 ||     2
Armor: Scale mail        |   113 |    26 |       ||   139
       Chain mail        |       |    38 |     8 ||    46
Dodge: Dodged            |    98 |    91 |     7 ||   196
Block: Buckler           |    53 |    34 |     4 ||    91

Table legend: (Time is in decaauts)
 A = Elapsed time spent in this place.
 B = Non-inter-level travel time spent in this place.
 C = Inter-level travel time spent in this place.
 D = Time resting spent in this place.
 E = Time spent auto-exploring this place.
 F = Levels seen in this place.
 G = Mean time per level.
                   A        B        C        D        E       F      G
               +--------+--------+--------+--------+--------+-----+--------+
         Total |   3506 |   3393 |    113 |    263 |   2496 |   4 |  876.5 |
       Dungeon |   3506 |   3393 |    113 |    263 |   2496 |   4 |  876.5 |
               +--------+--------+--------+--------+--------+-----+--------+

Top non-repeatable levels by time:
     D:2: 1062 daAuts
     D:1: 977 daAuts
     D:4: 748 daAuts
     D:3: 717 daAuts
